 Dungeon Crawl Stone Soup version 0.31-a0-256-g80acddb972 (webtiles) character file.

Game seed: 4589743643930536919

2387 boklok the Cleaver (level 9, -1/78 HPs)
             Began as a Hill Orc Fighter on July 13, 2023.
             Was an Initiate of Ashenzari.
             Killed from afar by a bog mummy (2 damage)
             ... with a puff of frost
             ... in an ossuary.
             The game lasted 00:25:54 (6367 turns).

boklok the Cleaver (Hill Orc Fighter)               Turns: 6367, Time: 00:25:55

Health: -1/78      AC: 14    Str: 23    XL:     9   Next: 46%
Magic:  9/9        EV:  9    Int:  8    God:    Ashenzari [......]
Gold:   192        SH: 10    Dex: 10    Spells: 8/8 levels left

rFire   . . .        a - +0 war axe "Restrained With Me" {heavy, Melee, Fort} (curse)
rCold   . . .        c - +0 buckler
rNeg    . . .        h - +0 chain mail
rPois   .            (no helmet)
rElec   .            g - +0 cloak
rCorr   .            m - +0 pair of gloves
SInv    .            q - +0 pair of boots
Will    .....        s - amulet of reflection Stlth
                     (no ring)
HPRegen 0.33/turn    (no ring)
MPRegen 0.11/turn

%: reflection
@: mighty, slowed, very slow
A: no striking features
a: Renounce Religion, Shatter the Chains


You were in an ossuary.
You worshipped Ashenzari.
Ashenzari was noncommittal.
You visited 2 branches of the dungeon, and saw 8 of its levels.
You also visited: Ossuary.

You collected 247 gold pieces.
You spent 55 gold pieces at shops.

Inventory:

Hand Weapons
 a - the cursed +0 war axe "Restrained With Me" (weapon) {heavy, Melee, Fort}

   It has a curse which improves the following skills: Melee Combat: Short
   Blades, Long Blades, Axes, Maces & Flails, Polearms, Staves and Unarmed
   Combat.
   Fortitude: Armour and Shields.
Missiles
 n - 2 throwing nets
 o - 6 poisoned darts
 r - a boomerang
Armour
 c - a +0 buckler (worn)
 g - a +0 cloak (worn)
 h - a +0 chain mail (worn)
 m - a +0 pair of gloves (worn)
 q - a +0 pair of boots (worn)
Jewellery
 s - an amulet of reflection (around neck)
 w - a ring of flight
Wands
 x - a wand of flame (13)
Scrolls
 e - 2 scrolls of fear
 i - a scroll of teleportation
 p - a scroll of poison {unknown}
 t - a scroll of blinking {unknown}
 u - a scroll of vulnerability {unknown}
 v - 3 scrolls of revelation {unknown}
Potions
 b - a potion of attraction
 f - 2 potions of curing
 j - a potion of heal wounds {unknown}
 k - a potion of mutation {unknown}
 l - a potion of enlightenment


   Skills:
 * Level 6.4 Fighting
 * Level 9.9(10.3) Axes
 * Level 7.0(7.4) Armour
 * Level 2.9 Dodging
 * Level 3.3 Stealth
 * Level 5.7(6.1) Shields


You had 8 spell levels left.
You didn't know any spells.
Your spell library contained the following spells:

 Spells                   Type           Power      Damage    Failure   Level
 Apportation              Tloc           0%         N/A       95%         1
 Necrotise                Necr           0%         1d4       95%         1
 Summon Small Mammal      Summ           0%         N/A       95%         1
 Ozocubu's Armour         Ice            0%         N/A       100%        3
 Portal Projectile        Hex/Tloc       0%         N/A       100%        3
 Tukima's Dance           Hex            0%         N/A       100%        3
 Iskenderun's Mystic Bla  Conj/Tloc      0%         2d3       100%        4
 Simulacrum               Ice/Necr       0%         N/A       100%        6
 Ozocubu's Refrigeration  Ice            0%         4d7       100%        7
 Polar Vortex             Ice            0%         N/A       100%        9


Dungeon Overview and Level Annotations

Branches:
Dungeon (7/15)             Temple (1/1) D:6         Ossuary (1/1)

Altars:
Ashenzari
Cheibriados
Dithmenos
Elyvilon
Fedhas
Gozag
Hepliaklqana
Kikubaaqudgha
Makhleb
Nemelex Xobeh
Qazlal
Ru
Sif Muna
Trog
Uskayaw
Vehumet
Wu Jian
Xom
Yredelemnul
Zin
The Shining One

Shops:
D:2 *

Annotations:
D:5 3 runed translucent doors, Pelmen's ghost, novice DrCj; Scrael's ghost, amateur DsIE; grizmgrazm2's ghost, novice OgSh; hackon's ghost, amateur OgFE; niknal's ghost, novice TrWr
D:7 Joseph


Message History

You block the bullfrog zombie's attack.
A mummy comes into view.
The bullfrog zombie hits you but does no damage.
The mummy hits you but does no damage. The bog mummy casts a spell at you.
You feel yourself slow down. You block the bullfrog zombie's attack.
Your unstable footing causes you to fumble your attack.
The bullfrog zombie hits you but does no damage.
You block the mummy's attack. You block the bullfrog zombie's attack.
The bog mummy hits you!
The mummy splashes around in the water.
You barely miss the bog mummy. You hit the mummy.
You slash the bullfrog zombie! You block the bullfrog zombie's attack.
The bullfrog zombie hits you. The bog mummy barely misses you.
The bullfrog zombie barely misses you. You block the mummy's attack.
The bog mummy gestures at you while chanting.
The puff of frost hits you but does no damage.
Your unstable footing causes you to fumble your attack.
The bullfrog zombie completely misses you.
The bullfrog zombie hits you. You block the bullfrog zombie's attack.
The mummy hits you!
* * * LOW HITPOINT WARNING * * *
The bog mummy hits you.
* * * LOW HITPOINT WARNING * * *
You feel better.
The bullfrog zombie hits you but does no damage.
The mummy barely misses you.
The bullfrog zombie hits you but does no damage.
The bog mummy hits you but does no damage.
You feel very mighty all of a sudden. The bullfrog zombie closely misses you.
The mummy misses you.
The bullfrog zombie hits you but does no damage.
You block the bog mummy's attack.
Your unstable footing causes you to fumble your attack.
The bullfrog zombie hits you.
* * * LOW HITPOINT WARNING * * *
The bullfrog zombie barely misses you. The mummy hits you!
* * * LOW HITPOINT WARNING * * *
The bog mummy points at you and mumbles some strange words.
The puff of frost hits you.
You die...

~~ +~# #~~
#~####
+~.P~≈#
#####M≈#~≈#
#∩..#MM.#
#.∩.@M###≈#
#...#Z~P~#
#####~#≈#≈≈≈#
~~+ # ## ~#+#
~. ##


You could see 3 mummies, a bog mummy and a bullfrog zombie.

Vanquished Creatures
  Pikel (D:4)
  A hornet zombie (Ossuary)
  3 black bears
  2 sky beasts
  A phantom (D:6)
  A bullfrog (D:6)
  A gnoll sergeant (D:5)
  3 scorpions (D:5)
  3 howler monkeys (D:5)
  A human zombie (D:7)
  A jelly (D:5)
  2 orc priests (D:6)
  4 hounds
  A sleepcap (D:6)
  2 mummies (Ossuary)
  A gnoll bouda (D:7)
  4 iguanas
  Natasha (thrice) (D:4)
  3 orc wizards (D:6)
  10 adders
  10 gnolls
  An ufetubus (D:5)
  2 worms
  4 dart slugs
  10 orcs
  4 endoplasms
  2 giant cockroaches
  6 goblins
  4 hobgoblins (D:1)
  8 jackals
  8 quokkas
  3 ball pythons
  11 bats
  2 frilled lizards (D:1)
  9 kobolds
  An orc zombie (D:7)
  6 rats
139 creatures vanquished.

Notes
Turn   | Place    | Note
-------+----------+-------------------------------------------
     0 | D:1      | boklok the Hill Orc Fighter began the quest for the Orb.
     0 | D:1      | Reached XP level 1. HP: 19/19 MP: 1/1
   100 | D:1      | Reached XP level 2. HP: 23/27 MP: 2/2
   218 | D:1      | Reached skill level 3 in Axes
   744 | D:1      | Reached XP level 3. HP: 30/33 MP: 3/3
  1440 | D:2      | Reached XP level 4. HP: 39/40 MP: 4/4
  1441 | D:2      | Reached skill level 4 in Axes
  1557 | D:2      | Found Ykkost's Assorted Antiques.
  1560 | D:2      | Bought a black potion for 26 gold pieces
  2271 | D:2      | Bought a scroll labelled LIC ZIUSOADEIGESM for 29 gold
                  | pieces
  2431 | D:3      | Reached skill level 1 in Stealth
  2431 | D:3      | Reached XP level 5. HP: 46/46 MP: 5/5
  2971 | D:4      | Noticed a lemure
  2971 | D:4      | Noticed a lemure
  2971 | D:4      | Noticed a lemure
  2971 | D:4      | Noticed a lemure
  2994 | D:3      | Reached skill level 5 in Axes
  3158 | D:4      | Noticed Natasha
  3389 | D:5      | Entered Level 5 of the Dungeon
  3395 | D:5      | Reached skill level 1 in Dodging
  3395 | D:5      | Reached XP level 6. HP: 31/53 MP: 6/6
  3517 | D:5      | Reached skill level 6 in Axes
  3561 | D:5      | Found a runed translucent gate.
  3562 | D:5      | Found a runed translucent gate.
  3562 | D:5      | Noticed hackon's ghost (amateur OgFE)
  3563 | D:5      | Noticed Pelmen's ghost (novice DrCj)
  3563 | D:5      | Found a runed translucent gate.
  3564 | D:5      | Noticed niknal's ghost (novice TrWr)
  3564 | D:5      | Noticed grizmgrazm2's ghost (novice OgSh)
  3564 | D:5      | Noticed Scrael's ghost (amateur DsIE)
  3607 | D:5      | Found a radiant altar of Vehumet.
  3734 | D:5      | Reached XP level 7. HP: 60/60 MP: 7/7
  3835 | D:5      | Reached skill level 5 in Armour
  3849 | D:5      | Reached skill level 7 in Axes
  3855 | D:5      | Reached skill level 5 in Fighting
  4322 | D:5      | Found a blossoming altar of Fedhas.
  4539 | D:6      | Reached XP level 8. HP: 68/68 MP: 8/8
  4711 | D:6      | Found a broken altar of Ashenzari.
  4718 | D:6      | Became a worshipper of Ashenzari the Shackled
  4721 | D:6      | Found an ornate altar of the Wu Jian Council.
  4721 | D:6      | Found an ancient bone altar of Kikubaaqudgha.
  4721 | D:6      | Found a burning altar of Makhleb.
  4722 | D:6      | Found a stormy altar of Qazlal.
  4723 | D:6      | Found a basalt altar of Yredelemnul.
  4724 | D:6      | Found a sacrificial altar of Ru.
  4726 | D:6      | Found a bloodstained altar of Trog.
  4886 | D:6      | Reached skill level 8 in Axes
  5347 | D:6      | Found a staircase to the Ecumenical Temple.
  5541 | Temple   | Entered the Ecumenical Temple
  5714 | D:4      | Noticed Pikel
  5734 | D:4      | Killed Pikel
  5735 | D:4      | Reached skill level 9 in Axes
  5735 | D:4      | Reached skill level 5 in Shields
  5735 | D:4      | Reached XP level 9. HP: 33/75 MP: 9/9
  5921 | D:4      | Killed Natasha
  6115 | D:4      | Noticed Natasha
  6123 | D:4      | Killed Natasha
  6224 | D:4      | Noticed Natasha
  6227 | D:4      | Killed Natasha
  6238 | D:4      | You fall into a shaft and drop 3 floors!
  6247 | D:7      | Noticed Joseph
  6307 | D:7      | Found a sand-covered staircase.
  6312 | Ossuary  | Entered an ossuary
  6367 | Ossuary  | HP: 1/78 [mummy (7)]
  6367 | Ossuary  | Killed from afar by a bog mummy

Illustrated notes

Levels and vault maps discovered:
D:1:      nagdon_arrival_zigzag_paths, layout_loops_corners, chequers_arboretum,
          kennysheep_another_room
D:2:      wander_river, layout_basic, serial_shops,
          nicolae_shop_pleasant_corner_grove, grunt_ministairs_4
D:3:      layout_rooms
D:4:      layout_rooms, uniq_pikel, uniq_natasha
D:5:      minmay_general_purpose_star, layout_loops_corners,
          mainiacjoe_overflow_alcove_1, mainiacjoe_overflow_six_doors_small,
          gammafunk_ghost_cemetery
D:6:      layout_basic, minitemple, temple_hall
D:7:      layout_rooms, nicolae_ossuary_entry_catacombs, uniq_joseph
Temple:   minmay_freezing_vapour_temple
Ossuary:  ossuary_zaba_flooded

Skill      XL: |  1  2  3  4  5  6  7  8  9 |
---------------+----------------------------+-----
Axes           | 3 4 5 6 7 9 |  9.9
Fighting       | 4 5 6 |  6.4
Stealth        | 1 2 3 |  3.3
Armour         | 4 5 6 7 |  7.0
Dodging        | 1 2 |  2.9
Shields        | 4 5 |  5.7

Action                     |  1- 3 |  4- 6 |  7- 9 || total
---------------------------+-------+-------+-------++-------
  Melee: War axe           |   125 |   100 |   165 ||   390
 Invoke: Curse Item        |       |       |     1 ||     1
    Use: Scroll            |     4 |     5 |     1 ||    10
         Potion            |     1 |     1 |     4 ||     6
 Armour: Scale mail        |    36 |       |       ||    36
         Chain mail        |    26 |    73 |   141 ||   240
  Dodge: Dodged            |    66 |    55 |   100 ||   221
  Block: Buckler           |    35 |    28 |   122 ||   185
         Reflection        |       |       |     1 ||     1

Table legend: (Time is in decaauts)
 A = Elapsed time spent in this place.
 B = Non-inter-level travel time spent in this place.
 C = Inter-level travel time spent in this place.
 D = Time resting spent in this place.
 E = Time spent auto-exploring this place.
 F = Levels seen in this place.
 G = Mean time per level.
                   A        B        C        D        E       F      G
               +--------+--------+--------+--------+--------+-----+--------+
         Total |   6692 |   5911 |    781 |    399 |   3451 |   9 |  743.6 |
       Dungeon |   6595 |   5818 |    777 |    379 |   3441 |   7 |  942.1 |
        Temple |     15 |     11 |      4 |      0 |     10 |   1 |   15.0 |
       Ossuary |     81 |     81 |      0 |     19 |      0 |   1 |   81.0 |
               +--------+--------+--------+--------+--------+-----+--------+

Top non-repeatable levels by time:
     D:5: 1278 daAuts
     D:2: 1273 daAuts
     D:1: 1155 daAuts
     D:6: 1106 daAuts
     D:4: 882 daAuts
     D:3: 818 daAuts
 Ossuary: 81 daAuts
     D:7: 80 daAuts
  Temple: 15 daAuts
